Map: Eternal Empire LE

Players

Vanya - Winner!

  • Race: Zerg Zerg
  • League: Grandmaster
  • Spawn Location: 7:00

DnS

  • Race: Protoss Protoss
  • Spawn Location: 1:00

Event: DreamHack SC2 Masters 2020 Summer Europe

VOD

Have the link to the VOD?

Description

Time

  • Played on: June 28, 2020, 12:25 p.m.
  • Length: 8:07

All games in this series

Show
View Real Time Build Order
Export as new Build Order

Vanya Zerg - Winner!

Build Orders: Hatch First 

Get SALT Encoding   

  12  0:00  Drone  
  13  0:12  Overlord  
  13  0:17  Drone  
  14  0:31  Drone x2  
  16  0:47  Hatchery  
  15  0:51  Drone  
  15  0:54  Drone  
  17  0:58  Drone  
  18  1:08  Extractor  
  17  1:13  Spawning Pool  
  17  1:16  Drone  
  17  1:20  Drone  
  18  1:28  Drone  
  19  1:43  Hatchery  
  19  1:45  Drone  
  19  1:49  Drone  
  20  2:00  Queen  
  22  2:10  Queen  
  22  2:13  Drone  
  25  2:16  Drone  
  25  2:21  Overlord  
  26  2:23  Drone  
  26  2:26  Zergling x2  
  28  2:40  Drone x2  
  28  2:41  Drone  
  28  2:43  Drone  
  32  2:45  Drone  
  32  2:46  Queen  
  35  2:55  Drone  
  35  2:56  Metabolic Boost  
  35  2:57  Drone  
  37  3:00  Overlord  
  37  3:04  Drone  
  38  3:10  Zergling x4  
  38  3:12  Drone  
  41  3:15  Drone  
  41  3:17  Overlord  
  42  3:21  Drone  
  42  3:22  Drone  
  42  3:23  Queen  
  46  3:28  Drone x2  
  47  3:35  Drone x2  
  47  3:40  Overlord  
  49  3:42  Evolution Chamber  
  49  3:48  Evolution Chamber, Drone x6  
  48  3:52  Spore Crawler  
  53  3:57  Spore Crawler  
  53  3:58  Spore Crawler  
  53  4:00  Queen  
  53  4:06  Drone x2  
  53  4:07  Overlord  
  53  4:09  Zerg Melee Weapons Level 1  
  55  4:16  Overlord  
  55  4:17  Overlord  
  55  4:20  Drone x2  
  57  4:24  Drone  
  57  4:27  Overlord  
  57  4:28  Drone x3  
  61  4:31  Drone  
  61  4:32  Drone x2  
  61  4:36  Zergling x4  
  66  4:39  Extractor  
  66  4:41  Baneling Nest  
  64  4:49  Zergling x14  
  70  4:56  Zergling x2  
  69  5:03  Zergling x10  
  74  5:10  Hatchery  
  74  5:13  Zergling x14  
  80  5:25  Overlord  
  80  5:27  Zergling x2  
  81  5:29  Overlord  
  80  5:37  Baneling  
  80  5:38  Baneling x8  
  80  5:40  Overlord  
  80  5:44  Zergling x2  
  80  5:45  Zergling x18  
  80  5:48  Zergling x2  
  87  5:51  Lair  
  87  5:55  Zergling x4  
  89  5:59  Zergling x8  
  89  6:07  Zergling x2  
  89  6:08  Zergling x8  
  90  6:12  Zergling x8  
  90  6:17  Baneling x4  
  86  6:18  Zergling x2  
  86  6:19  Zergling x2  
  86  6:23  Zergling x4  
  87  6:29  Zergling x8  
  86  6:36  Zergling x10  
  86  6:39  Zergling x2  
  90  6:45  Overlord  
  87  6:48  Zergling x10  
  87  6:51  Baneling x5  
  87  6:53  Zergling x4  
  90  6:56  Zergling x8  
  90  7:00  Zergling x4  
  92  7:05  Zergling x10  
  93  7:10  Zergling x2  
  90  7:17  Zergling x2  
  90  7:18  Zergling x4  
Show
View Real Time Build Order
Export as new Build Order

DnS Protoss 

Build Orders: 1 Gate Expand, Oracle Opening, Phoenix Opening, Mass Phoenix 

Get SALT Encoding   

  12  0:00  Probe  
  13  0:12  Probe  
  14  0:20  Pylon  
  14  0:24  Probe  
  15  0:34  Probe  
  15  0:39  Gateway  
  15  0:42  Probe  
  16  0:47  Assimilator  
  17  0:52  Probe  
  18  1:04  Probe  
  19  1:16  Probe  
  20  1:25  Nexus  
  20  1:35  Cybernetics Core  
  20  1:38  Probe  
  21  1:45  Assimilator  
  21  1:50  Probe  
  21  1:54  Pylon  
  22  2:01  Probe  
  22  2:02  Adept  
  23  2:09  Probe  
  26  2:16  Stargate  
  26  2:17  Probe  
  27  2:25  Warp Gate  
  27  2:29  Probe  
  28  2:32  Adept  
  28  2:33  Probe  
  30  2:41  Probe x2  
  33  2:51  Probe  
  33  2:53  Probe  
  35  3:00  Phoenix  
  35  3:01  Adept  
  35  3:03  Probe  
  35  3:05  Probe  
  41  3:15  Probe  
  41  3:17  Probe  
  41  3:19  Pylon  
  43  3:27  Probe  
  43  3:28  Gateway  
  43  3:29  Oracle, Probe  
  45  3:39  Probe  
  45  3:40  Assimilator  
  49  3:41  Assimilator, Probe  
  50  3:54  Probe x2  
  52  3:57  Pylon  
  52  3:59  Stargate  
  52  4:06  Probe  
  52  4:07  Probe  
  54  4:14  Phoenix  
  56  4:17  Adept  
  56  4:18  Pylon  
  56  4:19  Probe x2  
  60  4:27  Adept  
  60  4:28  Pylon  
  62  4:31  Phoenix  
  62  4:36  Probe  
  63  4:43  Nexus  
  65  4:47  Phoenix  
  65  4:52  Probe  
  68  4:53  Probe  
  68  4:55  Pylon  
  69  5:00  Pylon  
  69  5:02  Phoenix  
  71  5:09  Probe  
  71  5:12  Phoenix  
  71  5:13  Probe  
  73  5:19  Phoenix  
  75  5:24  Adept x2  
  81  5:30  Probe x2  
  81  5:31  Pylon  
  83  5:39  Phoenix  
  83  5:40  Shield Battery  
  85  5:45  Twilight Council  
  85  5:49  Probe  
  86  5:50  Forge  
  86  5:52  Probe x2  
  86  5:53  Sentry  
  86  5:55  Sentry  
  92  6:00  Probe  
  92  6:01  Probe  
  91  6:04  Pylon  
  91  6:09  Gateway  
  91  6:10  Pylon  
  90  6:14  Oracle  
  90  6:15  Oracle  
  90  6:16  Probe  
  80  6:20  Pylon  
  80  6:21  Gateway  
  83  6:29  Zealot x2  
  87  6:36  Pylon  
  87  6:42  Pylon  
  87  6:46  Oracle  
  87  6:47  Pylon  
  87  6:48  Pylon  
  87  6:50  Zealot  
  89  6:54  Oracle  
  91  7:06  Zealot  
  88  7:09  Pylon  
  83  7:15  Pylon  
  83  7:17  Pylon  
Tags
 
Add a new tag
Caveats
  • Supply blocks, unpowered buildings, or Contaminate may cause inaccurate times.
  • Supply counts are checked every 10 seconds.